 Dungeon Crawl Stone Soup version 0.28.0-53-g5a82cb258f (webtiles) character file.

Game seed: 6403042678752850550

279 Peloso the Slasher (level 6, -4/48 HPs)
             Began as a Demonspawn Fighter on June 10, 2022.
             Shot with an arrow by a centaur (5 damage)
             ... on level 5 of the Dungeon.
             The game lasted 00:02:56 (1913 turns).

Peloso the Slasher (Demonspawn Fighter)             Turns: 1913, Time: 00:02:56

Health: -4/48      AC:  6    Str: 19    XL:     6   Next: 5%
Magic:  6/6        EV: 10    Int:  9    God:
Gold:   68         SH:  4    Dex: 12    Spells: 5/5 levels left

rFire   . . .      SeeInvis .   a - +0 long sword
rCold   . . .      Faith    .   c - +0 buckler
rNeg    . . .      Spirit   .   b - +0 scale mail
rPois   .          Reflect  .   (no helmet)
rElec   .          Harm     .   (no cloak)
rCorr   .          Rampage  .   (no gloves)
Will    .....                   (no boots)
Stlth   ..........              (no amulet)
HPRegen 0.16/turn               e - +4 ring of slaying
MPRegen 0.10/turn               (no ring)

@: no status effects
A: foul stench 1, sturdy frame 1, demonic magic 1
a: no special abilities


You were on level 5 of the Dungeon.
You visited 1 branch of the dungeon, and saw 5 of its levels.

You collected 68 gold pieces.

Inventory:

Hand Weapons
 a - a +0 long sword (weapon)
Armour
 b - a +0 scale mail (worn)
 c - a +0 buckler (worn)
Jewellery
 e - a +4 ring of slaying (left hand)
Scrolls
 j - a scroll of vulnerability {unknown}
Potions
 d - a potion of might
 f - a potion of brilliance {unknown}
 g - a potion of heal wounds {unknown}
 h - 2 potions of curing {unknown}
 i - a potion of invisibility {unknown}
 k - 3 potions of cancellation {unknown}
 l - a potion of mutation {unknown}
 m - a potion of flight {unknown}


   Skills:
 + Level 3.8 Fighting
 + Level 4.2 Long Blades
 + Level 3.5 Armour
 + Level 1.2 Dodging
 + Level 0.1 Stealth
 + Level 3.1 Shields


You had 5 spell levels left.
You didn't know any spells.
Your spell library contained the following spells:

 Spells                   Type           Power      Damage    Failure   Level
 Ignite Poison            Fire/Tmut/Pois 0%         N/A       97%         3
 Mephitic Cloud           Conj/Pois/Air  0%         N/A       97%         3
 Fulminant Prism          Conj/Hex       0%         3d6       100%        4
 Excruciating Wounds      Necr           0%         N/A       100%        5
 Freezing Cloud           Conj/Ice/Air   0%         6-21      100%        5
 Death's Door             Necr           0%         N/A       100%        9


Dungeon Overview and Level Annotations

Branches:
Dungeon (6/15)
 Temple: D:4-7

Altars:


Innate Abilities, Weirdness & Mutations

You may rarely emit foul miasma when damaged in melee.
Your movements are slightly less encumbered by armour. (ER -2)
Spells you cast may paralyse adjacent enemies.


Message History

The centaur shoots an arrow.
The arrow hits you.
The necrophage hits you but does no damage.
You see here a +0 club.
You closely miss the necrophage.
The centaur shoots an arrow.
The arrow closely misses you. You block the necrophage's attack.
You hit the necrophage.
The necrophage is moderately damaged.
The centaur shoots an arrow.
The arrow closely misses you. The necrophage hits you.
The centaur shoots an arrow.
The arrow hits you!
You hit the necrophage.
The necrophage is moderately damaged.
The centaur shoots an arrow.
The arrow hits you. The necrophage barely misses you.
You closely miss the necrophage.
The necrophage is moderately damaged.
The centaur shoots an arrow.
The arrow hits you. The necrophage hits you.
The centaur shoots an arrow.
The arrow barely misses you.
You hit the necrophage.
The necrophage is heavily damaged.
The necrophage hits you but does no damage.
The centaur shoots an arrow.
The arrow hits you.
The necrophage hits you but does no damage.
Unknown command.
The centaur shoots an arrow.
The arrow hits you!
* * * LOW HITPOINT WARNING * * *
The centaur shoots an arrow.
The arrow hits you!
* * * LOW HITPOINT WARNING * * *
Things that are here:
a +0 club; an orc corpse The centaur shoots an arrow.
The arrow completely misses you.
You slash the necrophage!
The necrophage is severely damaged.
The centaur shoots an arrow.
The arrow hits you.
* * * LOW HITPOINT WARNING * * *
The necrophage hits you.
* * * LOW HITPOINT WARNING * * *
You slash the necrophage!
You destroy the necrophage!
The centaur shoots an arrow.
The arrow hits you.
You die...

..........
.........#
#........#
#?.......#
#........#
#...c....#
#......))#
######'#)#
#.@.# #...#
#...#
#.#>########
#...........
############


You could see a centaur.

Vanquished Creatures
  A yak (D:5)
  A necrophage (D:5)
  A hound (D:2)
  A jelly (D:6)
  4 adders (D:2)
  3 orcs (D:5)
  2 bats (D:1)
  8 endoplasms
  A giant cockroach (D:1)
  6 goblins
  2 hobgoblins (D:2)
  4 kobolds (D:1)
  3 ball pythons
  A frilled lizard (D:1)
  6 rats
44 creatures vanquished.

Vanquished Creatures (others)
  A plant (D:2)
1 creature vanquished.

Grand Total: 45 creatures vanquished

Notes
Turn   | Place    | Note
-------+----------+-------------------------------------------
     0 | D:1      | Peloso the Demonspawn Fighter began the quest for the Orb.
     0 | D:1      | Reached XP level 1. HP: 18/18 MP: 1/1
   450 | D:1      | Gained mutation: You may rarely emit foul miasma when
                  | damaged in melee. [demonic ancestry]
   450 | D:1      | Reached XP level 2. HP: 23/24 MP: 2/2
   550 | D:1      | Reached skill level 2 in Long Blades
   920 | D:1      | Found a faded altar of an unknown god.
   968 | D:1      | Gained mutation: Your movements are slightly less
                  | encumbered by armour. (ER -2) [demonic ancestry]
   968 | D:1      | Reached XP level 3. HP: 29/29 MP: 3/3
  1121 | D:2      | Got Sif Muna's Volume of Fetching Stolen Souls
  1389 | D:2      | Reached skill level 3 in Long Blades
  1389 | D:2      | Reached XP level 4. HP: 35/35 MP: 4/4
  1662 | D:3      | You fall into a shaft and drop 3 floors!
  1679 | D:6      | Noticed a yak
  1679 | D:6      | Noticed a yak
  1681 | D:6      | Noticed a yak
  1683 | D:6      | Noticed a yak
  1693 | D:6      | Noticed a yak
  1694 | D:5      | Entered Level 5 of the Dungeon
  1703 | D:5      | Killed a yak
  1704 | D:5      | Reached skill level 4 in Long Blades
  1704 | D:5      | Reached skill level 1 in Dodging
  1704 | D:5      | Reached XP level 5. HP: 15/42 MP: 5/5
  1704 | D:5      | Gained mutation: Spells you cast may paralyse adjacent
                  | enemies. [demonic ancestry]
  1704 | D:5      | Reached XP level 6. HP: 17/48 MP: 6/6
  1912 | D:5      | HP: 2/48 [centaur/arrow (2)]
  1913 | D:5      | Shot with an arrow by a centaur

Illustrated notes

Levels and vault maps discovered:
D:1:      heliophobic_arrival_dark_side_of_the_moon, layout_basic,
          chequers_ecumenical_altar_simple_redux
D:2:      layout_basic, guppyfry_early_lair_pool
D:3:      layout_rooms
D:5:      layout_basic, minmay_misc_feat_room
D:6:      layout_basic, serial_shops, shop

Skill      XL: |  1  2  3  4 |
---------------+-------------+-----
Long Blades    | 2 3 4 |  4.2
Armour         | 3 |  3.5
Dodging        | 1 |  1.2
Shields        | 3 |  3.1
Fighting       | |  3.8
Stealth        | |  0.1

Action                   |  1- 3 |  4- 6 || total
-------------------------+-------+-------++-------
Melee: Long sword        |    92 |    29 ||   121
  Use: Scroll            |       |     1 ||     1
Armor: Scale mail        |    41 |     4 ||    45
Dodge: Dodged            |    40 |    15 ||    55
Block: Buckler           |    27 |     7 ||    34
